 Dungeon Crawl Stone Soup version 0.31-a0-1074-g0b22e4e0f1 (webtiles) character file.

Game seed: 7626203347951565884

205022 PanSaczeczos the Force of Nature (level 18, -14/98 HPs)
             Began as a Spriggan Ice Elementalist on Nov 25, 2023.
             Was the Champion of Fedhas.
             Demolished by a +1 long sword of electrocution (18 damage)
             ... on level 1 of the Elven Halls on Nov 26, 2023.
             The game lasted 02:04:09 (50557 turns).

PanSaczeczos the Force of Nature (SpIE)            Turns: 50557, Time: 02:04:09

Health: -14/98     AC:  5    Str:  4    XL:     18   Next: 40%
Magic:  0/31       EV: 39    Int: 18    God:    Fedhas [******]
Gold:   1941       SH:  0    Dex: 28    Spells: 4/33 levels left

rFire   + . .        b - +0 arbalest (heavy)
rCold   . . .        (shield currently unavailable)
rNeg    . . .        H - +1 robe {rF+}
rPois   .            Y - +2 hat {Will+}
rElec   .            R - scarf {repulsion}
rCorr   .            (gloves unavailable)
SInv    +            (boots unavailable)
Will    ++++.        f - amulet of guardian spirit
Stlth   +++++++      d - +6 ring of dexterity {=R}
HPRegen 0.36/turn    O - +5 ring of evasion
MPRegen 0.22/turn

%: repel missiles, guardian spirit
@: marked, very quick
A: very small, no large weapons, unfitting armour, see invisible, speed 3
a: Renounce Religion, Wall of Briars, Grow Ballistomycete, Overgrow, Grow Oklob


You were on level 1 of the Elven Halls.
You worshipped Fedhas.
Fedhas was exalted by your worship.
You visited 6 branches of the dungeon, and saw 31 of its levels.
You also visited: Ice Cave.

You collected 3189 gold pieces.
You spent 1248 gold pieces at shops.

Inventory:

Hand Weapons
 a - the +0 rapier of Fott {drain, rC- rCorr Dex+9}
   (You bought it in a shop on level 2 of the Orcish Mines)

   Dex+9:     It affects your dexterity (+9).
   rC-:       It makes you vulnerable to cold.
   rCorr:     It protects you from acid and corrosion.
 b - a +0 heavy arbalest (weapon)
 x - a +2 dagger of venom
Missiles
 e - 13 throwing nets {!f}
 J - 56 poisoned darts
 U - 2 curare-tipped darts
Armour
 m - a +0 cloak of cold resistance
 H - a +1 robe of fire resistance (worn)
 I - a +2 robe of willpower
 R - a scarf of repulsion (worn)
 Y - a +2 hat of willpower (worn)
Magical Staves
 L - a staff of poison
Jewellery
 d - a +6 ring of dexterity (left hand) {=R}
 f - an amulet of guardian spirit (around neck)
 j - a +6 ring of intelligence
 N - a ring of ice
 O - a +5 ring of evasion (right hand)
 Q - a ring of wizardry
Talismans
 r - a beast talisman
Wands
 k - a wand of roots (11)
 q - a wand of polymorph (1)
 y - a wand of digging (5)
 G - a wand of flame (37)
 M - a wand of charming (13)
 X - a wand of quicksilver (8)
Scrolls
 c - 3 scrolls of vulnerability {!r}
 g - 2 scrolls of butterflies {!r}
 h - 9 scrolls of teleportation {!r}
 t - 3 scrolls of immolation {!r}
 v - 4 scrolls of poison {!r}
 A - 3 scrolls of fear {!r}
 B - 2 scrolls of revelation {!r}
 C - a scroll of silence {!r}
 F - 3 scrolls of blinking {!r}
 T - 3 scrolls of fog {!r}
Potions
 i - 2 potions of lignification
 l - 7 potions of enlightenment
 n - a potion of might {@q3}
 o - 8 potions of brilliance
 p - 6 potions of haste
 s - a potion of curing
 w - 6 potions of heal wounds
 z - 4 potions of resistance
 E - 7 potions of attraction
 P - a potion of berserk rage
 S - 2 potions of cancellation
 V - 2 potions of invisibility
 Z - 4 potions of ambrosia
Miscellaneous
 D - a tin of tremorstones (inert)
 K - a phial of floods (inert)
 W - a phantom mirror


   Skills:
 - Level 12.0 Fighting
 - Level 1.0 Short Blades
 + Level 14.8 Ranged Weapons
 + Level 13.3 Dodging
 - Level 15.0 Stealth
 - Level 8.0 Spellcasting
 - Level 6.0 Hexes
 - Level 8.0 Summonings
 + Level 13.9 Translocations
 - Level 6.0 Ice Magic
 - Level 8.0 Poison Magic
 + Level 15.7 Invocations
 - Level 5.0 Evocations


You had 4 spell levels left.
You knew the following spells:

 Your Spells              Type           Power      Damage    Failure   Level
a - Freeze                Ice            100%       1d10      1%          1
b - Frozen Ramparts       Ice            56%        1d9       2%          3
c - Jinxbite              Hex            56%        N/A       1%          2
d - Ensorcelled Hibernat  Hex/Ice        56%        N/A       1%          2
e - Tukima's Dance        Hex            28%        N/A       2%          3
f - Summon Forest         Summ/Tloc      23%        N/A       3%          5
g - Dispersal             Tloc           27%        N/A       4%          6
h - Sigil of Binding      Hex            28%        N/A       2%          3
o - Olgreb's Toxic Radia  Pois           36%        N/A       3%          4

Your spell library contained the following spells:

 Spells                   Type           Power      Damage    Failure   Level
 Apportation              Tloc           100%       N/A       1%          1
 Slow                     Hex            100%       N/A       1%          1
 Sting                    Tmut/Pois      84%        1d7       1%          1
 Summon Small Mammal      Summ           100%       N/A       1%          1
 Call Imp                 Summ           72%        N/A       1%          2
 Call Canine Familiar     Summ           36%        N/A       1%          3
 Manifold Assault         Tloc           55%        N/A       1%          4
 Passage of Golubria      Tloc           55%        N/A       1%          4
 Poisonous Vapours        Pois/Air       42%        N/A       2%          2
 Confusing Touch          Hex            28%        N/A       2%          3
 Ozocubu's Armour         Ice            28%        N/A       2%          3
 Cigotuvi's Dreadful Rot  Necr/Pois/Air  32%        N/A       4%          2
 Summon Ice Beast         Ice/Summ       32%        N/A       5%          4
 Vhi's Electric Charge    Tloc/Air       64%        N/A       5%          4
 Magic Dart               Conj           28%        1d4       10%         1
 Necrotise                Necr           28%        1d5       10%         1
 Shock                    Conj/Air       28%        1d4       10%         1
 Mephitic Cloud           Conj/Pois/Air  16%        N/A       10%         3
 Sublimation of Blood     Necr           7%         N/A       14%         2
 Wereblood                Tmut           7%         N/A       14%         2
 Summon Lightning Spire   Summ/Air       21%        N/A       19%         4
 Vampiric Draining        Necr           7%         2d6       28%         3
 Anguish                  Hex/Necr       9%         N/A       28%         4
 Animate Dead             Necr           7%         N/A       67%         4
 Dispel Undead            Necr           7%         3d8       67%         4
 Silence                  Hex/Air        9%         N/A       61%         5
 Yara's Violent Unravell  Hex/Tmut       9%         3d6       61%         5
 Disjunction              Tloc           27%        N/A       91%         8
 Arcjolt                  Conj/Air       3%         1d13      95%         5
 Borgnjor's Vile Clutch   Necr/Erth      3%         N/A       95%         5
 Eringya's Noxious Bog    Tmut/Pois      10%        4d6       96%         6
 Summon Hydra             Summ           18%        N/A       97%         7
 Conjure Ball Lightning   Conj/Air       3%         3x3d6     100%        6
 Death Channel            Necr           3%         N/A       100%        6
 Plasma Beam              Fire/Air       3%         2x1d13    100%        6
 Haunt                    Necr/Summ      10%        N/A       100%        7
 Borgnjor's Revivificati  Necr           3%         N/A       100%        8
 Lehudib's Crystal Spear  Conj/Erth      3%         10d3      100%        8
 Maxwell's Capacitive Co  Air            3%         ∞         100%        8
 Summon Horrible Things   Summ           18%        N/A       100%        8
 Death's Door             Necr           3%         N/A       100%        9


Dungeon Overview and Level Annotations

Branches:
Dungeon (15/15) Zot: 25847  Temple (0/1) D:5            Lair (5/5) D:11 Zot: 22431
 Shoals (4/4) Lair:2 Zot: 17173   Snake (4/4) Lair:3 Zot: 16474   Slime (0/5) Lair:5
    Orc (2/2) D:12 Zot: 8938     Elf (1/3) Orc:2 Zot: 5172  Vaults (0/5) D:14
 Depths (0/4) D:15          IceCv (visited)

Altars:
Dithmenos
Fedhas
Uskayaw
Vehumet
Wu Jian
The Shining One
Jiyva

Shops:
D:6 *   D:7 ?   D:11 [   D:15 :   Orc:2 ((?[   Elf:1 :   Snake:1 :   Snake:4 (

Portals:
Abyss: D:6

Annotations:
D:4 exclusion: phantom, Pikel, Sigmund
D:5 2 transporters, Dowan; Duvessa; rocker's ghost, amateur DgGl
D:6 2 transporters, wilntdoo's ghost, novice SpFi
D:7 2 runed translucent doors
D:8 exclusion: downstairs
D:9 2 runed translucent doors, exclusion: 2 doors, senseless's ghost, novice DgGl
D:14 2 runed translucent doors, exclusion: 2 doors, Karim's ghost, journeyman GnEE
Lair:1 2 transporters, Biusch's ghost, journeyman DjCj
Shoals:1 Roxanne
Shoals:2 exclusion: downstairs
Shoals:3 exclusions: merfolk avatar and wind drake, Mara
Snake:4 Bai Suzhen


Innate Abilities, Weirdness & Mutations

You are very small and have problems with some larger weapons.
You are too small for most types of armour.
You have supernaturally acute eyesight. (SInv)
You cover ground extremely quickly. (Speed+++)


Message History

Aim: a +1 long sword of electrocution (54% to hit)
You shoot a bolt.
The bolt closely misses the +1 long sword of electrocution.
The +1 long sword of electrocution hits you!!
* * * LOW HITPOINT WARNING * * *
A deep elf pyromancer comes into view. It is wielding a +0 trident.
The +1 long sword of electrocution completely misses you.
Fire: b) +0 arbalest (heavy)
Press: ? - help, Q - select action, (/) - cycle Shift-Dir - straight line, f/p - +1 long sword of electrocution
Aim: a +1 long sword of electrocution (54% to hit)
You shoot a bolt.
The bolt hits the +1 long sword of electrocution!!
The +1 long sword of electrocution is severely damaged.
The +1 long sword of electrocution closely misses you.
The +1 long sword of electrocution completely misses you.
The +1 long sword of electrocution barely misses you.
Fire: b) +0 arbalest (heavy)
Press: ? - help, Q - select action, (/) - cycle Shift-Dir - straight line, f/p - +1 long sword of electrocution
Aim: a +1 long sword of electrocution (heavily damaged, 54% to hit)
You shoot a bolt.
The bolt hits the +1 long sword of electrocution.
The +1 long sword of electrocution is severely damaged.
The +1 long sword of electrocution hits you!
* * * LOW HITPOINT WARNING * * *
The +1 long sword of electrocution barely misses you.
The +1 long sword of electrocution hits you!!
* * * LOW HITPOINT WARNING * * *
The deep elf pyromancer completely misses you.
Fire: b) +0 arbalest (heavy)
Press: ? - help, Q - select action, (/) - cycle Shift-Dir - straight line, f/p - +1 long sword of electrocution
Aim: a +1 long sword of electrocution (heavily damaged, 54% to hit)
You shoot a bolt.
The bolt misses the +1 long sword of electrocution.
The +1 long sword of electrocution hits you!!
* * * LOW HITPOINT WARNING * * *
You are electrocuted!
* * * LOW HITPOINT WARNING * * *
The +1 long sword of electrocution hits you!!
You die...
Fedhas appreciates your contribution to the ecosystem.

▒·▒·▒▒▒▒·▒·▒··▒·▒▒▒▒▒
▒▒▒+···············▒▒··
▒····▒·▒▒▒▒'▒▒▒▒·▒·+···
▒······▒·· ·· ▒·······
▒▒···▒▒▒· ··· ▒▒▒·····
▒···▒·· ···· ▒·····
▒▒··▒·▒··░ ▒·····
▒··)▒·e·░░·░ ▒·····
▒·▒)@(··'/∞·' +·▒···
▒···▒···░░·░ ▒·····
▒▒▒·▒·▒·)░ ▒·▒▒▒▒ ▒·▒··
?··· ▒· ··▒▒▒· ··· ···
·· ·· ▒··▒ ▒▒ ▒ ▒···


You could see a deep elf pyromancer and a +1 long sword of electrocution.

Vanquished Creatures
  Saint Roka (Orc:2)
  Nikola (Snake:4)
  A lich (IceCv)
  Frances (D:13)
  Gastronok (Lair:2)
  Donald (Snake:4)
  2 very ugly things
  A deep elf annihilator (Elf:1)
  A merfolk javelineer (Shoals:4)
  A merfolk impaler (Shoals:4)
  An alligator snapping turtle (Shoals:2)
  Harold (D:9)
  3 salamander tyrants
  4 vault guards
  2 catoblepae (Lair:5)
  6 hydras
  3 satyrs
  4 centaur warriors
  An ogre mage (D:9)
  3 boulder beetles
  7 naga warriors
  7 anacondas
  4 merfolk avatars
  2 tengu warriors
  Erica (D:9)
  3 two-headed ogres
  3 orc high priests
  9 naga sharpshooters
  2 dancing weapons (Elf:1)
  6 death yaks
  4 deep elf knights
  4 shock serpents
  Amaemon (D:9)
  A salamander mystic (Snake:3)
  5 skysharks
  A deep troll (Snake:2)
  11 naga ritualists
  12 sea snakes
  3 bog bodies (IceCv)
  4 deep elf archers (Elf:1)
  A spriggan simulacrum (IceCv)
  2 lindwurms (Lair:5)
  8 deep elf pyromancers
  An arcanist (D:14)
  10 mana vipers
  A necromancer (IceCv)
  2 orc knights (Orc:2)
  24 harpies
  31 fauns
  7 deep elf zephyrmancers (Elf:1)
  17 manticores
  3 orc sorcerers (Orc:2)
  7 cyclopes
  12 ugly things
  11 salamanders
  3 elephants
  6 merfolk sirens
  3 water nymphs
  Maurice (D:13)
  A torpor snail (Lair:5)
  38 black mambas
  An orange demon (D:9)
  3 guardian serpents (Snake:3)
  12 naga magi
  3 gargoyles
  Maggie (Lair:2)
  9 cane toads
  2 unseen horrors
  9 komodo dragons
  4 rime drakes
  An ice devil (IceCv)
  17 freezing wraiths (IceCv)
  A yaktaur (D:14)
  2 anaconda simulacra (IceCv)
  3 golden dragon simulacra (IceCv)
  5 trolls
  A troll (shapeshifter) (D:15)
  2 efreet
  3 meliai (D:15)
  24 merfolk
  2 alligator simulacra (IceCv)
  8 wind drakes
  A hornet (D:9)
  2 polar bears (Lair:4)
  12 blink frogs
  3 snapping turtles
  10 dream sheep
  20 slime creatures
  3 air elementals (Elf:1)
  2 shadows
  A centaur simulacrum (D:14)
  6 water elementals
  A dire elephant simulacrum (IceCv)
  A vampire (D:14)
  3 wraiths
  61 yaks
  A yak (shapeshifter) (D:15)
  3 wyverns
  9 basilisks
  4 minotaur simulacra (IceCv)
  A human (D:14)
  A human (shapeshifter) (D:15)
  16 vampire mosquitoes
  4 harpy simulacra (IceCv)
  14 two-headed ogre zombies (D:9)
  3 wargs
  27 nagas
  15 water moccasins
  An acid dragon (D:12)
  2 hydra simulacra (IceCv)
  35 orc warriors
  A sky beast (D:7)
  5 ogres (Orc:2)
  An ice beast (D:6)
  A black bear (D:8)
  11 wolves
  An ettin simulacrum (IceCv)
  17 centaurs
  6 kobold brigands
  12 bullfrogs
  A scorpion (D:5)
  18 wights
  12 killer bees
  3 lindwurm simulacra (IceCv)
  2 electric eels (Lair:1)
  4 howler monkeys (D:13)
  5 jellies (Lair:3)
  15 orc priests
  5 hounds
  3 iguanas
  25 orc wizards
  An ogre zombie (D:9)
  Robin (D:3)
  6 gnolls
  13 adders
  2 shadow imps
  2 white imps (D:7)
  A worm (D:2)
  3 dart slugs
  89 orcs
  3 ball pythons
  20 endoplasms
  5 giant cockroaches
  17 goblins
  6 hobgoblins
  29 kobolds
  7 quokkas
  3 training dummies (Snake:4)
  2 bats (D:1)
  5 frilled lizards
  4 rats
1060 creatures vanquished.

Vanquished Creatures (collateral kills)
  A caustic shrike simulacrum (IceCv)
  3 anacondas
  A naga warrior (Snake:3)
  A deep elf knight (D:14)
  3 sea snakes
  A mana viper (Snake:3)
  A manticore (Shoals:2)
  4 black mambas
  Joseph (D:8)
  A gargoyle (D:14)
  2 merfolk (Shoals:2)
  A troll (D:12)
  A vampire mosquito (D:12)
  2 nagas (Snake:1)
  A harpy simulacrum (IceCv)
  An orc warrior (D:8)
  2 wolves (Lair:5)
  11 ballistomycete spores
38 creatures vanquished.

Vanquished Creatures (others)
  A deep elf knight (Elf:1)
  A deep elf archer (Elf:1)
  A deep elf zephyrmancer (Elf:1)
  A deep elf pyromancer (Elf:1)
  A merfolk siren (Shoals:1)
  A centaur (D:5)
  A howler monkey (D:13)
  A hound (D:5)
  3 sleepcaps
  2 orcs
  A giant cockroach (D:4)
  6 snaplasher vines
20 creatures vanquished.

Grand Total: 1118 creatures vanquished

Notes
Turn   | Place    | Note
-------+----------+-------------------------------------------
     0 | D:1      | PanSaczeczos the Spriggan Ice Elementalist began the quest
                  | for the Orb.
     0 | D:1      | Reached XP level 1. HP: 9/9 MP: 5/5
   145 | D:1      | Reached skill level 1 in Fighting
   225 | D:1      | Reached XP level 2. HP: 14/14 MP: 3/6
   686 | D:1      | You fall into a shaft and drop 1 floor!
   769 | D:2      | Reached XP level 3. HP: 18/18 MP: 4/8
  1856 | D:2      | Reached skill level 5 in Stealth
  1856 | D:2      | Reached XP level 4. HP: 19/23 MP: 1/9
  2422 | D:3      | Reached XP level 5. HP: 20/26 MP: 4/10
  2958 | D:3      | Learned a level 3 spell: Frozen Ramparts
  2961 | D:3      | Learned a level 2 spell: Jinxbite
  3038 | D:3      | Noticed Robin
  3248 | D:3      | Killed Robin
  3489 | D:3      | Found a blossoming altar of Fedhas.
  3494 | D:3      | Became a worshipper of Fedhas Madash
  3781 | D:4      | Noticed a phantom
  3897 | D:4      | Reached skill level 1 in Hexes
  4184 | D:4      | Noticed Sigmund
  4185 | D:4      | Noticed a lemure
  4187 | D:4      | Noticed Pikel
  4187 | D:4      | Noticed a lemure
  4218 | D:5      | Entered Level 5 of the Dungeon
  4223 | D:5      | Noticed an ogre
  4307 | D:4      | Reached XP level 6. HP: 22/32 MP: 3/11
  4487 | D:5      | Found a transporter.
  4930 | D:5      | Found a staircase to the Ecumenical Temple.
  4963 | D:5      | Noticed Dowan
  4964 | D:5      | Noticed Duvessa
  5011 | D:5      | Found a transporter.
  5027 | D:5      | Found a shadowy altar of Dithmenos.
  5423 | D:5      | Noticed rocker's ghost (amateur DgGl)
  5578 | D:6      | Reached * piety under Fedhas
  5579 | D:6      | Reached skill level 5 in Ice Magic
  5579 | D:6      | Reached skill level 1 in Invocations
  5579 | D:6      | Reached XP level 7. HP: 21/36 MP: 4/12
  5874 | D:6      | Reached skill level 1 in Short Blades
  5874 | D:6      | Reached skill level 1 in Ranged Weapons
  5960 | D:6      | Found a transporter.
  5963 | D:6      | Noticed a green ugly thing
  6059 | D:6      | Found Nivvy's Neck Hole.
  6237 | D:6      | Found a one-way gate to the infinite horrors of the Abyss.
  6237 | D:6      | Noticed wilntdoo's ghost (novice SpFi)
  6247 | D:6      | Found a transporter.
  6741 | D:7      | Found Eghoyges's Magic Scroll Boutique.
  6768 | D:7      | Bought a scroll of identify for 28 gold pieces
  6768 | D:7      | Bought a scroll of fear for 56 gold pieces
  6768 | D:7      | Bought a scroll of fear for 56 gold pieces
  6878 | D:7      | Found a runed translucent door.
  6894 | D:7      | Found a runed translucent door.
  7186 | D:6      | Reached skill level 5 in Dodging
  7186 | D:6      | Reached XP level 8. HP: 36/42 MP: 11/13
  8367 | D:8      | Noticed a two-headed ogre
  8442 | D:7      | Killed a two-headed ogre
  8443 | D:7      | Reached skill level 5 in Fighting
  8443 | D:7      | Reached skill level 5 in Ranged Weapons
  8443 | D:7      | Reached skill level 5 in Invocations
  8443 | D:7      | Reached XP level 9. HP: 43/47 MP: 10/14
  8505 | D:7      | Reached ** piety under Fedhas
  8732 | D:8      | Learned a level 2 spell: Ensorcelled Hibernation
  8768 | D:8      | Noticed Joseph
  9185 | D:8      | Killed Joseph
  9528 | D:9      | Noticed a boulder beetle
  9657 | D:9      | Noticed Harold
  9657 | D:9      | Noticed a two-headed ogre
  9724 | D:9      | Killed a two-headed ogre
  9725 | D:9      | Reached XP level 10. HP: 53/53 MP: 16/16
  9880 | D:9      | Killed Harold
 10485 | D:9      | Paralysed by a hornet for 2 turns
 10710 | D:9      | Killed a boulder beetle
 10754 | D:9      | Noticed an orange demon
 11066 | D:9      | Found a large runed translucent door.
 11066 | D:9      | Found a large runed translucent door.
 11073 | D:9      | Noticed senseless's ghost (novice DgGl)
 11226 | D:9      | Reached skill level 10 in Invocations
 11227 | D:9      | Reached XP level 11. HP: 56/56 MP: 16/19
 11415 | D:9      | Noticed Erica
 11439 | D:9      | Killed Erica
 11579 | D:9      | Noticed an ogre mage
 11590 | D:9      | Reached *** piety under Fedhas
 11650 | D:9      | Killed an ogre mage
 11651 | D:9      | Reached skill level 10 in Ranged Weapons
 11667 | D:9      | Got the Folio of Mustering
 11734 | D:9      | Noticed Amaemon
 11735 | D:9      | Reached skill level 10 in Stealth
 11748 | D:9      | Killed Amaemon
 11866 | D:10     | Entered Level 10 of the Dungeon
 12398 | D:10     | Reached **** piety under Fedhas
 13767 | D:11     | Found a staircase to the Lair.
 13790 | D:11     | Found Himiomoi's Antique Armour Boutique.
 13797 | D:11     | Bought an embroidered cloak for 172 gold pieces
 13955 | Lair:1   | Entered Level 1 of the Lair of Beasts
 13973 | Lair:1   | Reached XP level 12. HP: 63/63 MP: 21/21
 14162 | Lair:1   | Found a transporter.
 14166 | Lair:1   | Noticed Biusch's ghost (journeyman DjCj)
 14287 | Lair:1   | Found a transporter.
 15018 | Lair:2   | Learned a level 3 spell: Tukima's Dance
 15108 | Lair:2   | Reached ***** piety under Fedhas
 15109 | Lair:2   | Reached skill level 1 in Evocations
 15186 | Lair:2   | Found a staircase to the Shoals.
 15263 | Lair:2   | Noticed Gastronok
 15356 | Lair:2   | Reached skill level 5 in Hexes
 15462 | Lair:2   | Noticed Maggie
 15470 | Lair:2   | Killed Maggie
 15512 | Lair:2   | Noticed a six-headed hydra
 15514 | Lair:2   | Killed Gastronok
 15515 | Lair:2   | Killed a six-headed hydra
 15736 | Lair:2   | Found an ornate altar of the Wu Jian Council.
 15736 | Lair:2   | Found a hide-covered altar of Uskayaw.
 15736 | Lair:2   | Noticed a boulder beetle
 15756 | Lair:2   | Killed a boulder beetle
 16774 | Lair:3   | Found a staircase to the Snake Pit.
 16872 | Lair:3   | Reached XP level 13. HP: 69/69 MP: 19/23
 18373 | Lair:5   | Entered Level 5 of the Lair of Beasts
 18373 | Lair:5   | Found a viscous altar of Jiyva.
 20138 | Lair:5   | Reached skill level 10 in Fighting
 20413 | Lair:5   | Reached ****** piety under Fedhas
 20922 | Lair:5   | Reached XP level 14. HP: 77/77 MP: 24/24
 20930 | Lair:5   | Found a staircase to the Slime Pits.
 22852 | D:12     | Found a staircase to the Orcish Mines.
 22877 | D:12     | Learned a level 4 spell: Olgreb's Toxic Radiance
 23131 | D:12     | Reached skill level 1 in Poison Magic
 23204 | D:12     | Identified the +3 flail "Mukoot" {freeze, Str+5}
 23473 | Orc:1    | Entered Level 1 of the Orcish Mines
 23528 | D:12     | HP: 12/77 [orc warrior/+0 battleaxe (9)]
 23882 | Orc:2    | Entered Level 2 of the Orcish Mines
 24589 | Orc:2    | Found Jemmotum's Weapon Emporium.
 24684 | Orc:2    | Found a staircase to the Elven Halls.
 25532 | Orc:2    | Found Hebymoynk's Magic Scroll Boutique.
 25930 | Orc:2    | Noticed Saint Roka
 26405 | Orc:2    | Found Desucir's Antique Armour Emporium.
 26409 | Orc:2    | Found Kyeg's Antique Weapon Shoppe.
 26677 | Orc:2    | Found Kyeg's Antique Weapon Shoppe.
 26681 | Orc:2    | Found Desucir's Antique Armour Emporium.
 26704 | Orc:2    | Found a staircase to the Elven Halls.
 26781 | Orc:2    | Found Hebymoynk's Magic Scroll Boutique.
 26974 | Orc:2    | Killed Saint Roka
 27101 | Orc:2    | Found Jemmotum's Weapon Emporium.
 27159 | Orc:2    | Bought the +0 rapier of Fott {drain, rC- rCorr Dex+9} for
                  | 348 gold pieces
 27507 | D:13     | Reached skill level 10 in Dodging
 27513 | D:13     | Noticed Frances
 27876 | D:13     | Killed Frances
 28254 | D:13     | Reached skill level 5 in Poison Magic
 28328 | D:13     | Noticed Maurice
 28340 | D:13     | Killed Maurice
 28680 | D:14     | Reached XP level 15. HP: 81/81 MP: 26/26
 28982 | D:14     | Found a large runed translucent door.
 28982 | D:14     | Noticed Karim's ghost (journeyman GnEE)
 28983 | D:14     | Found a large runed translucent door.
 29564 | D:14     | Found a gate to the Vaults.
 29856 | D:15     | Entered Level 15 of the Dungeon
 29907 | D:15     | Found a frozen archway.
 29913 | D:15     | Found Elli Wum's Book Emporium.
 29919 | D:15     | Bought a book of the Warp for 588 gold pieces
 29925 | D:15     | Learned a level 5 spell: Summon Forest
 29933 | IceCv    | Entered an ice cave
 29960 | IceCv    | Reached skill level 1 in Translocations
 30205 | IceCv    | Reached skill level 1 in Summonings
 30399 | IceCv    | Found an ancient bone altar of Kikubaaqudgha.
 30552 | IceCv    | HP: 3/83 [caustic shrike simulacrum (32)]
 30965 | IceCv    | Reached skill level 5 in Spellcasting
 31636 | IceCv    | Noticed a lich
 31705 | IceCv    | Killed a lich
 32366 | D:15     | Found a staircase to the Depths.
 32550 | D:15     | Found a hide-covered altar of Uskayaw.
 32596 | D:15     | Reached skill level 5 in Translocations
 33263 | Lair:2   | Upgraded the game from 0.31-a0-1068-g5939ac1fb6 to
                  | 0.31-a0-1074-g0b22e4e0f1
 33264 | Shoals:1 | Entered Level 1 of the Shoals
 33712 | Shoals:1 | Reached XP level 16. HP: 61/88 MP: 17/27
 34791 | Shoals:1 | Noticed Roxanne
 35636 | Shoals:2 | HP: 12/88 [merfolk/+0 trident (18)]
 35647 | Shoals:2 | Reached skill level 5 in Summonings
 35652 | Shoals:2 | HP: 17/88 [faun/sling bullet (19)]
 35755 | Shoals:2 | Reached skill level 15 in Stealth
 36410 | Shoals:3 | Noticed Mara
 36512 | Shoals:2 | HP: 7/88 [poisoned by a sea snake]
 37209 | Shoals:3 | Reached skill level 10 in Translocations
 38130 | Shoals:4 | Entered Level 4 of the Shoals
 38532 | Shoals:3 | Reached XP level 17. HP: 63/93 MP: 20/29
 39649 | Shoals:3 | Reached skill level 15 in Invocations
 39817 | Shoals:3 | HP: 23/93 [poisoned by a sea snake]
 40025 | Shoals:3 | HP: 17/93 [poisoned by a merfolk impaler]
 40030 | Shoals:3 | HP: 8/139 [poisoned by a merfolk impaler]
 40035 | Shoals:3 | HP: 4/139 [poisoned by a merfolk impaler]
 40313 | Shoals:4 | HP: 21/93 [wind drake/the air (21)]
 40658 | Snake:1  | Entered Level 1 of the Snake Pit
 40898 | Snake:1  | HP: 21/93 [anaconda[a naga ritualist] (7)]
 40904 | Snake:1  | HP: 17/93 [poisoned by a naga ritualist (toxic radiance)]
 41576 | Snake:1  | Found Bunlitem's Self-Improvement Boutique.
 41707 | Snake:1  | HP: 20/93 [mana viper[a naga ritualist] (5)]
 41950 | Snake:1  | Found a glowing golden altar of the Shining One.
 42590 | Snake:2  | Learned a level 6 spell: Dispersal
 43316 | Snake:2  | HP: 23/93 [poisoned by a naga ritualist (toxic radiance)]
 43321 | Snake:2  | HP: 18/93 [poisoned by a naga ritualist (toxic radiance)]
 43327 | Snake:2  | HP: 15/93 [poisoned by a naga ritualist (toxic radiance)]
 46389 | Snake:3  | Got the Grimoire of Haze
 47001 | Snake:3  | HP: 22/93 [black mamba[a naga ritualist] (3)]
 47419 | Snake:3  | Reached XP level 18. HP: 87/98 MP: 6/30
 47890 | Snake:3  | Reached skill level 5 in Evocations
 48143 | Snake:4  | Entered Level 4 of the Snake Pit
 48143 | Snake:4  | Found Gas Coud's Firing Range.
 48664 | Snake:4  | Noticed Donald
 48724 | Snake:4  | Killed Donald
 49028 | Snake:4  | Noticed Nikola
 49037 | Snake:4  | HP: 23/98 [Nikola/+2 rapier of electrocution (12)]
 49038 | Snake:4  | Killed Nikola
 49300 | Snake:4  | Noticed Bai Suzhen
 49612 | Elf:1    | Entered Level 1 of the Elven Halls
 49636 | Elf:1    | Found a radiant altar of Vehumet.
 49984 | Elf:1    | Paralysed by an air elemental for 1 turns
 50140 | Elf:1    | Found Manwuve's One-of-a-Kind Books.
 50234 | Elf:1    | Learned a level 3 spell: Sigil of Binding
 50557 | Elf:1    | HP: 11/98 [+1 long sword of electrocution (15)]
 50557 | Elf:1    | HP: 4/98 [+1 long sword of electrocution (7)]
 50557 | Elf:1    | Demolished by a +1 long sword of electrocution

Illustrated notes

Levels and vault maps discovered:
D:1:      erik_arrival_orb_chamber, layout_loops_ring, nrook_uturn,
          minmay_misc_feat_enclosed, roderic_serpentine_path,
          chequers_serial_rivers_small_a
D:2:      minmay_spotlight, layout_loops_corners
D:3:      layout_basic, fedhas_altar_2, uniq_robin
D:4:      layout_gridville, hellmonk_no_cap, uniq_sigmund, uniq_pikel
D:5:      layout_cave_pools, grunt_dithmenos_smoke_and_mirrors, temple_statues,
          gammafunk_ghost_smash, nicolae_half_adder, uniq_duvessa
D:6:      layout_loops_ring, gammafunk_ghost_abyssal_escape,
          nicolae_shop_sticking_my_neck_out
D:7:      lemuel_insect_pit, layout_loops_ring, serial_shops,
          nicolae_shop_statue_plus
D:8:      layout_rooms, minmay_starry_boxes, uniq_joseph
D:9:      lemuel_ogre_cave, layout_long_grid, ebering_ghost_disaster_area,
          uniq_harold, uniq_amaemon, uniq_erica
D:10:     layout_cave_pools, grunt_decor_resistance
D:11:     layout_loops_corners, lair_entry_dummy, serial_shops, shop,
          kennysheep_generic_room_15
D:12:     layout_roguey, minmay_orc_entry_temple_small
D:13:     layout_loops_ring, uniq_frances, uniq_maurice
D:14:     layout_loops_ring, grunt_vaults_entry_fortified,
          ebering_ghost_disaster_area, nicolae_concentric_dashed_squares_mild
D:15:     hangedman_depths_entry_try_elsewhere_first, layout_basic,
          portal_ice_cave_entry_pillars_four, minmay_crystal_room, serial_shops,
          shop, nicolae_uskayaw_en_pointe
Lair:1:   layout_cellular_growth, gammafunk_ghost_berserking_beasts,
          serial_bayou_shore_a
Lair:2:   layout_regular_city, minmay_shoals_entry_centaurs, minivault_26,
          nzn_masters_of_martial_movement, grunt_megastairs_4, uniq_gastronok,
          uniq_maggie
Lair:3:   lemuel_slime, layout_regular_city, guppyfry_snake_entry_garden
Lair:4:   layout_small_grid, chequers_serial_rivers_micro_e
Lair:5:   hangedman_lair_in_review, layout_small_grid, slime_entry_1
Shoals:1: layout_shoals, nicolae_shoals_lost_giant_hut,
          nicolae_shoals_nautilus_by_nature, uniq_roxanne
Shoals:2: layout_shoals
Shoals:3: layout_shoals, uniq_mara
Shoals:4: shoals_end_simple, layout_shoals, uniq_mlioglotl
Snake:1:  layout_rooms, basic_altar, nicolae_shop_self_help
Snake:2:  kennysheep_six_static_rooms, layout_onion_interference,
          grunt_ministairs_10
Snake:3:  nicolae_snake_unarmed_stairs_patrol, layout_layer_cave,
          serial_library_hellmonk_metal_room, serial_bayou_shore_b
Snake:4:  snake_pit, layout_cave_town, nicolae_shop_firing_range, uniq_donald,
          uniq_saint_roka, uniq_nikola, uniq_bai_suzhen
Orc:1:    layout_caves, mines2_david
Orc:2:    grunt_orc_community_town_hall, layout_caves,
          grunt_orc_community_big_house_1, grunt_orc_community_big_house_1,
          grunt_orc_community_house_1, grunt_orc_community_house_3,
          grunt_orc_community_house_3, grunt_orc_community_house_2,
          grunt_orc_community_house_2, grunt_orc_community_house_2
Elf:1:    eino_elf_arrival_altar, layout_geoelf_diagonals,
          minmay_elf_annihilation, small_statue_intersection, nicolae_rare_books

Skill      XL: |  1  2  3  4  5  6  7  8  9 10 11 12 13 14 15 16 17 18 |
---------------+-------------------------------------------------------+-----
Fighting       | 1 2 3 4 5 6 7 8 10 11 12 | 12.0
Dodging        | 3 5 7 8 9 10 12 13 | 13.3
Stealth        | 4 5 6 7 9 10 11 12 14 15 | 15.0
Ice Magic      | 4 5 6 |  6.0
Spellcasting   | 3 4 6 7 8 |  8.0
Hexes          | 1 3 6 |  6.0
Invocations    | 1 3 5 7 10 11 12 13 14 15 | 15.7
Short Blades   | 1 |  1.0
Ranged Weapons | 2 5 7 8 10 12 13 14 | 14.8
Evocations     | 2 3 4 5 |  5.0
Poison Magic   | 5 6 8 |  8.0
Translocations | 6 10 12 13 | 13.9
Summonings     | 3 6 7 8 |  8.0

Action                     |  1- 3 |  4- 6 |  7- 9 | 10-12 | 13-15 | 16-18 || total
---------------------------+-------+-------+-------+-------+-------+-------++-------
  Melee: Unarmed           |     3 |       |       |       |       |       ||     3
         Dagger            |    10 |    42 |       |     7 |     3 |       ||    62
         Whip              |     2 |       |       |       |       |       ||     2
         Rapier            |       |    42 |    30 |       |     1 |     8 ||    81
   Fire: Sling             |       |     1 |    45 |       |       |       ||    46
         Shortbow          |       |       |   152 |       |       |       ||   152
         Arbalest          |       |       |    36 |   432 |  1098 |   997 ||  2563
  Throw: Dart              |       |       |       |     8 |       |       ||     8
   Cast: Freeze            |    58 |    85 |    41 |    16 |    20 |       ||   220
         Frozen Ramparts   |       |     5 |    13 |    10 |    23 |       ||    51
         Jinxbite          |       |     1 |       |       |       |       ||     1
         Olgreb's Toxic Ra |       |       |       |       |     1 |    42 ||    43
         Tukima's Dance    |       |       |       |       |     1 |       ||     1
         Summon Forest     |       |       |       |       |       |    11 ||    11
         Dispersal         |       |       |       |       |       |    16 ||    16
 Invoke: Wall of Briars    |       |       |     3 |     7 |    30 |    34 ||    74
         Grow Ballistomyce |       |       |       |     1 |     5 |       ||     6
  Evoke: Wand              |       |       |     6 |     4 |     5 |    28 ||    43
         Phial of floods   |       |       |       |       |     1 |     1 ||     2
         Tin of tremorston |       |       |       |       |       |     4 ||     4
    Use: Scroll            |       |       |    10 |     7 |    10 |     8 ||    35
         Potion            |       |       |       |       |     4 |     6 ||    10
   Stab: Sleeping          |       |    12 |     2 |       |     2 |     6 ||    22
         Distracted        |       |     1 |       |       |       |       ||     1
 Armour: Robe              |    11 |    49 |    51 |    75 |   234 |   266 ||   686
  Dodge: Dodged            |    36 |   122 |   101 |   241 |  1054 |   957 ||  2511
         Repelled          |       |       |       |       |    10 |    11 ||    21
   Form: Beast             |       |     1 |       |       |       |       ||     1
                           |       |       |       |     1 |       |       ||     1

Table legend: (Time is in decaauts)
 A = Elapsed time spent in this place.
 B = Non-inter-level travel time spent in this place.
 C = Inter-level travel time spent in this place.
 D = Time resting spent in this place.
 E = Time spent auto-exploring this place.
 F = Levels seen in this place.
 G = Mean time per level.
                   A        B        C        D        E       F      G
               +--------+--------+--------+--------+--------+-----+--------+
         Total |  43079 |  41125 |   1954 |  16130 |  14562 |  32 | 1346.2 |
       Dungeon |  15588 |  14549 |   1039 |   3427 |   7175 |  15 | 1039.2 |
          Lair |   7568 |   7075 |    493 |   2604 |   2626 |   5 | 1513.6 |
        Shoals |   6826 |   6663 |    163 |   4113 |   1116 |   4 | 1706.5 |
     Snake Pit |   7525 |   7367 |    158 |   4046 |   1799 |   4 | 1881.2 |
  Orcish Mines |   3061 |   2962 |     99 |   1066 |   1103 |   2 | 1530.5 |
   Elven Halls |    825 |    825 |      0 |     61 |    484 |   1 |  825.0 |
      Ice Cave |   1682 |   1682 |      0 |    810 |    255 |   1 | 1682.0 |
               +--------+--------+--------+--------+--------+-----+--------+

Top non-repeatable levels by time:
Shoals:3: 2899 daAuts
 Snake:2: 2377 daAuts
 Snake:3: 2326 daAuts
     D:9: 2206 daAuts
  Lair:5: 2173 daAuts
   Orc:2: 2144 daAuts
 Snake:1: 1929 daAuts
Shoals:2: 1845 daAuts
    D:12: 1791 daAuts
  Lair:4: 1777 daAuts
   IceCv: 1682 daAuts
  Lair:2: 1485 daAuts
Shoals:1: 1380 daAuts
  Lair:3: 1258 daAuts
     D:7: 1239 daAuts
